AoeStats
← meditator27

Black Forest

507585658Analyzed
4v4 RM · 12d ago on Sep 18, 2026· 41m 51s· 8 players
Game mode
Random Map
Map size
Large (8 player)
Population
200
Speed
Normal
Resources
Standard
Victory
Conquest
Starting age
Dark Age
Ending age
Imperial Age
RankedLock teamsTeams togetherTeam positionsShared explorationLock speedFull tech treeHidden civsTurbo modeCheats
Victory
Defeat
🇨🇭 Mongols · Switzerland
1317
+15
🇨🇭 Teutons · Switzerland
1304
+15
🇫🇷 Khmer · France
1297
+16
🇹🇼 Bohemians · Taiwan
1273
+17
🇫🇷 Bohemians · France
1340
-22
🇺🇸 Britons · United States
1290
-16
🇮🇱 Mongols · Israel
1272
-15
🇨🇴 Romans · Colombia
1266
-15
JANGEL4107
0:27 Loom
11:57 Feudal Age
13:15 Wheelbarrow
17:16 Castle Age
15:27 Double-Bit Axe
15:27 Horse Collar
15:39 Gold Mining
24:35 Heavy Plow
26:34 Bow Saw
32:20 Imperial Age
31:25 Scale Mail Armor
31:35 Forging
32:27 Pikeman
32:34 Man-at-Arms
33:16 Squires
33:24 Scale Barding Armor
33:57 Iron Casting
33:37 Chain Mail Armor
33:14 Fletching
35:32 Ballistics
36:12 Chemistry
34:41 Long Swordsman
35:33 Heavy Scorpion
36:57 Ballistas
36:35 Legionary
38:18 Blast Furnace
38:05 Masonry
37:52 Murder Holes
39:59 Pikeman
40:55 Halberdier
MumMaple1148771
0:54 Loom
17:14 Feudal Age
22:04 Double-Bit Axe
28:16 Castle Age
Cryptomage
8:05 Loom
11:35 Feudal Age
16:45 Castle Age
14:44 Horse Collar
14:52 Double-Bit Axe
23:13 Husbandry
23:56 Heavy Plow
28:45 Chemistry
34:35 Imperial Age
32:49 Wheelbarrow
32:37 Bow Saw
35:55 Ballistics
38:50 Houfnice
39:46 Siege Engineers
39:39 Murder Holes
Mike
4:28 Loom
10:50 Feudal Age
15:09 Castle Age
14:17 Double-Bit Axe
17:02 Bow Saw
20:21 Wheelbarrow
22:09 Hand Cart
22:51 Horse Collar
23:32 Heavy Plow
23:24 Gold Mining
25:50 Scale Barding Armor
28:59 Imperial Age
27:43 Scale Barding Armor
27:49 Forging
28:49 Chain Barding Armor
29:39 Gold Shaft Mining
28:54 Stone Mining
30:25 Iron Casting
29:14 Cavalier
29:54 Husbandry
30:05 Bloodlines
31:40 Stone Shaft Mining
32:52 Siege Engineers
33:08 Ballistics
33:02 Capped Ram
35:12 Chemistry
35:58 Blast Furnace
34:32 Onager
34:34 Siege Ram
39:53 Drill
dr.schniselx
2:44 Loom
14:21 Feudal Age
16:49 Double-Bit Axe
25:57 Castle Age
25:33 Gold Mining
25:54 Fletching
27:05 Bodkin Arrow
32:56 Wheelbarrow
32:51 Horse Collar
33:28 Bow Saw
34:16 Stone Mining
35:13 Heavy Plow
41:00 Imperial Age
41:07 Onager
optional_cookie
10:34 Feudal Age
10:38 Loom
11:02 Fishing Lines
11:53 Double-Bit Axe
12:39 Loom
16:27 Castle Age
17:05 Scale Barding Armor
17:25 Forging
21:37 Iron Casting
26:07 Bloodlines
29:39 Horse Collar
30:12 Bow Saw
30:20 Loom
31:12 Wheelbarrow
31:12 Gold Mining
34:40 Imperial Age
32:36 Chain Barding Armor
32:36 Hand Cart
35:11 Scale Mail Armor
35:58 Plate Barding Armor
36:24 Blast Furnace
34:49 Cavalier
36:10 Chain Mail Armor
36:43 Paladin
38:51 Gillnets
40:59 Conscription
42:09 Coinage
41:39 Caravan
41:55 Siege Engineers
43:28 Chemistry
42:39 Masonry
meditator27
2:06 Loom
11:25 Feudal Age
15:57 Castle Age
14:55 Double-Bit Axe
16:49 Horse Collar
19:20 Bow Saw
25:13 Wheelbarrow
28:26 Imperial Age
28:44 Chemistry
27:49 Fishing Lines
27:45 Pikeman
29:15 Hand Cart
30:39 Two-Man Saw
30:05 Town Watch
31:44 Heavy Plow
31:56 Forging
31:47 Scale Mail Armor
32:14 Conscription
32:03 Squires
32:41 Halberdier
36:07 Iron Casting
35:47 Chain Mail Armor
37:34 Arson
38:54 Blast Furnace
38:25 Plate Mail Armor
38:00 Houfnice
Psychedelonaut
9:20 Loom
12:01 Feudal Age
14:54 Castle Age
13:48 Double-Bit Axe
15:58 Wheelbarrow
22:21 Horse Collar
23:43 Fishing Lines
28:36 Imperial Age
27:33 Gillnets
27:38 Gold Mining
27:44 Stone Mining
28:18 Hand Cart
27:49 Town Watch
29:28 Double Crossbow
29:49 Conscription
31:05 Chemistry
30:11 Siege Engineers
30:54 Heavy Scorpion
Connection lost

Rejoining the realm…

Still unreachable

The connection could not be restored.

Session expired

The server has moved on; the page needs a fresh start.